 Dungeon Sprint DCSS version 0.26-a0-652-gafc20e3620 (webtiles) character file.

Game seed: 4805312117386465131

32543 sahdkjhfkaj the Intangible (level 13, -4/77 HPs)
             Began as a Felid Monk on Oct 3, 2020.
             Was the Champion of Yredelemnul.
             Killed from afar by a hellephant (57 damage)
             ... with a blast of flame
             ... in the Dungeon (Sprint VII: "The Pits").
             The game lasted 00:32:37 (9959 turns).

sahdkjhfkaj the Intangible (Felid Monk)             Turns: 9959, Time: 00:32:39

Health: -4/77      AC:  9    Str: 14    XL:     13   Next: 31%
Magic:  25/25      EV: 40    Int: 12    God:    Yredelemnul [******]
Gold:   45         SH:  5    Dex: 19    Spells: 11/21 levels left
                                        Lives:  0   Deaths: 4

rFire    . . .     SeeInvis +     - Unarmed
rCold    + + +     Faith    .   (shield unavailable)
rNeg     + . .     Spirit   .   (armour unavailable)
rPois    .         Reflect  +   (helmet unavailable)
rElec    +         Harm     .   (cloak unavailable)
rCorr    .         Rampage  .   (gloves unavailable)
MR       +....     NoTele   +   (boots unavailable)
Stlth    +++.......             n - amulet "Vaen" {Reflect rC+ rN+ Str+3 SH+5}
HPRegen  0.22/turn              z - ring "Demn" {*Contam rElec rC+++ AC+6}
MPRegen  0.19/turn              y - ring of Ojimah {rC+ Slay+5}

@: quick
A: very small, no armour, no weapons or thrown items, stealth, claws 1, fangs 3,
see invisible, speed 1, shaggy fur 3, sharp paws
a: Recall Undead Slaves, Injury Mirror, Animate Dead, Drain Life, Enslave Soul,
Renounce Religion


You were in the Dungeon.
You worshipped Yredelemnul.
Yredelemnul was exalted by your worship.
You visited 1 branch You collected 45 gold pieces.

Inventory:

Jewellery
 m - a +3 ring of protection
 n - the amulet "Vaen" (around neck) {Reflect rC+ rN+ Str+3 SH+5}
   (You found it in the Dungeon)

   [amulet of reflection]

   It shields you and reflects attacks.
   It affects your strength (+3).
   It protects you from cold.
   It protects you from negative energy.
   It affects your SH (+5).
 r - an uncursed ring of protection from fire
 s - the ring "Wuocef" {rF+ Str+2 Slay+5}
   (You found it in the Dungeon)

   [ring of slaying]

   It affects your strength (+2).
   It affects your accuracy and damage with ranged weapons and melee attacks
   (+5).
   It protects you from fire.
 t - an uncursed ring of positive energy
 u - an uncursed ring of protection from magic
 y - the ring of Ojimah (right paw) {rC+ Slay+5}
   (You found it in the Dungeon)

   [ring of slaying]

   It affects your accuracy and damage with ranged weapons and melee attacks
   (+5).
   It protects you from cold.
 z - the ring "Demn" (left paw) {*Contam rElec rC+++ AC+6}
   (You found it in the Dungeon)

   [ring of protection]

   It affects your AC (+6).
   It renders you almost immune to cold.
   It insulates you from electricity.
   It causes magical contamination when unequipped.
 A - the ring "Qaumeesk" {rF+ Str+3}
   (You found it in the Dungeon)

   [ring of protection from fire]

   It affects your strength (+3).
   It protects you from fire.
 B - an uncursed ring of resist corrosion
 C - an uncursed ring of protection from fire
 D - a +6 ring of strength
 E - a +6 ring of dexterity
 F - the ring "Gixugeq" {Ice MR+ Int+2 Dex-3 Slay+2}
   (You took it off an angel in the Dungeon)

   [ring of ice]

   It enhances your ice magic.
   It affects your intelligence (+2).
   It affects your dexterity (-3).
   It affects your accuracy and damage with ranged weapons and melee attacks
   (+2).
   It makes you vulnerable to fire.
   It protects you from cold.
   It affects your resistance to hostile enchantments.
 K - an uncursed ring of protection from fire
 L - an uncursed amulet of guardian spirit
 M - a +6 ring of dexterity
 N - a +6 ring of protection
 O - a +6 ring of dexterity
 P - a +6 ring of protection
Wands
 x - a wand of polymorph (7)
 J - a wand of acid (15)
Scrolls
 f - 5 scrolls of blinking
 h - 5 scrolls of remove curse
 i - 6 scrolls of amnesia
 j - a scroll of summoning
 k - 2 scrolls of vulnerability
 w - 6 scrolls of identify
 I - a scroll of fear
Potions
 a - 10 potions of curing
 b - 15 potions of heal wounds
 c - 10 potions of haste
 d - 10 potions of magic
 e - 5 potions of berserk rage
 g - 2 potions of invisibility
 l - 4 potions of might
 o - 2 potions of resistance
 p - 6 potions of mutation
 q - a potion of degeneration {unknown}
 v - 2 potions of brilliance
 H - a potion of stabbing
Miscellaneous
 G - a condenser vane (2/2)


   Skills:
 + Level 20.7 Fighting
 O Level 27 Dodging
 - Level 2.6 Stealth
 + Level 20.7 Unarmed Combat
 + Level 4.7 Spellcasting
 - Level 12.0 Hexes
 - Level 10.6 Translocations
 + Level 4.7 Ice Magic
 - Level 10.0 Air Magic
 - Level 15.0 Invocations


You had 11 spell levels left.
You knew the following spells:

 Your Spells              Type           Power        Failure   Level
a - Blink                 Tloc           N/A          1%          2
b - Silence               Hex/Air        ####......   6%          5
c - Ozocubu's Armour      Ice            ##......     9%          3

Your spell library contained the following spells:

 Spells                   Type           Power        Failure   Level
 Apportation              Tloc           ####..       1%          1
 Ensorcelled Hibernation  Hex/Ice        ###...       1%          2
 Gell's Gravitas          Tloc           ####......   1%          3
 Lesser Beckoning         Tloc           ####......   1%          3
 Teleport Other           Tloc           ####....     1%          3
 Tukima's Dance           Hex            ####....     1%          3
 Passage of Golubria      Tloc           N/A          2%          4
 Freeze                   Ice            ##..         3%          1
 Corpse Rot               Necr/Air       N/A          4%          2
 Poisonous Vapours        Pois/Air       ##....       4%          2
 Inner Flame              Hex/Fire       ###.....     5%          3
 Static Discharge         Conj/Air       ##......     8%          3
 Frozen Ramparts          Ice            ##....       9%          3
 Mephitic Cloud           Conj/Pois/Air  ##......     16%         3
 Metabolic Englaciation   Hex/Ice        ###.......   19%         5
 Foxfire                  Conj/Fire      #...         21%         1
 Sandblast                Erth           #.....       21%         1
 Sting                    Tmut/Pois      #...         21%         1
 Invisibility             Hex            ####....     22%         6
 Passwall                 Tmut/Erth      #.......     30%         2
 Sublimation of Blood     Necr           #.........   30%         2
 Dispersal                Tloc           ####......   38%         6
 Summon Mana Viper        Hex/Summ       ###.....     43%         5
 Conjure Flame            Conj/Fire      #.......     52%         3
 Ignite Poison            Fire/Tmut/Pois #.......     52%         3
 Vampiric Draining        Necr           #.........   52%         3
 Summon Forest            Summ/Tloc      ###.......   54%         5
 Lightning Bolt           Conj/Air       ##........   58%         5
 Hailstorm                Conj/Ice       #.......     61%         4
 Ice Form                 Ice/Tmut       #.......     61%         4
 Summon Ice Beast         Ice/Summ       #.......     61%         4
 Dispel Undead            Necr           #.......     90%         4
 Olgreb's Toxic Radiance  Pois           #.......     90%         4
 Petrify                  Tmut/Erth      #.......     90%         4
 Sticky Flame             Conj/Fire      #.......     90%         4
 Agony                    Necr           #.......     99%         5
 Alistair's Intoxication  Tmut/Pois      #........    99%         5
 Borgnjor's Vile Clutch   Necr/Erth      #.........   99%         5
 Fireball                 Conj/Fire      #.........   99%         5
 Summon Demon             Summ           #.........   99%         5
 Freezing Cloud           Conj/Ice/Air   ##........   99%         6
 Ozocubu's Refrigeration  Ice            ##........   99%         6
 Iron Shot                Conj/Erth      #.........   100%        6
 Shadow Creatures         Summ           N/A          100%        6
 Simulacrum               Ice/Necr       #.........   100%        6
 Statue Form              Tmut/Erth      #........    100%        6
 Summon Hydra             Summ           #.........   100%        7
 Chain Lightning          Conj/Air       ##........   100%        8
 Ignition                 Fire           #.........   100%        8
 Lehudib's Crystal Spear  Conj/Erth      #.........   100%        8
 Absolute Zero            Ice            ##........   100%        9
 Fire Storm               Conj/Fire      #.........   100%        9
 Shatter                  Erth           #.........   100%        9
 Tornado                  Air            ####......   100%        9
 Excruciating Wounds      Necr           Unusable     N/A         5

Dungeon Overview and Level Annotations

Branches:
Dungeon (1/1)

Altars:
Ashenzari
Cheibriados
Dithmenos
Elyvilon
Fedhas
Gozag
Hepliaklqana
Kikubaaqudgha
Makhleb
Nemelex Xobeh
Okawaru
Qazlal
Ru
Sif Muna
Trog
Uskayaw
Vehumet
Wu Jian
Xom
Yredelemnul
Zin
The Shining One
Beogh
Jiyva
Lugonu


Innate Abilities, Weirdness & Mutations

You cannot wear armour.
You are incapable of wielding weapons or throwing items.
Your paws allow you to move quietly. (Stealth)
You have sharp claws.
You have razor-sharp teeth.
You have supernaturally acute eyesight. (SInv)
You cover ground quickly.
Your thick and shaggy fur keeps you warm. (AC +3, rC+)
Your sharp claws are effective at attacking unaware monsters.


Message History

The hellephant holds its ground!
Unknown command.
You mangle the hellephant!!
You bite the hellephant, but do no damage.
The hellephant is moderately wounded.
The hellephant misses you.
The hellephant completely misses you. x2
Unknown command.
You claw the hellephant!
The hellephant is moderately wounded.
Your bone dragon bites the hellephant!
Your bone dragon claws the hellephant but does no damage.
Your bone dragon tramples the hellephant.
The hellephant stumbles backwards!
The hellephant breathes flames at you.
The blast of flame hits your bone dragon!!
Your bone dragon resists.
The blast of flame hits you!!!
Ouch! That really hurt!
You die...
Your body rises from the dead as a mindless zombie.

####################..#....#..#
..................++..........#
.....)............++..........# #
################..##..#....#..##.
##.#W#)#}#.#.#.#..##..........++.
#.#A#A#(#[#.#.##..##..........++.
##.#D#z#|#|#)#)#..####''####''###
#.#.#.#)#.#[#)##..####''####''###
##.#.#.#[#.#[#.#@.##.....z##.....
#############'##D.##n#z##.##.....
........)..Y...Y..##.#nWz.##..###
..................##.'.V#D##..#))
#######''###########.#[.zV##.)#))
#######''###########.'))#V##..###
..............##..##.##'#.##.[#..
....#..#......##..##......##..#..
..............''..##########..#..


You could see a hellephant (catching breath) and a friendly bone dragon.

Vanquished Creatures
  A curse toe (D)
  Nikola (D)
  A deep elf blademaster (D)
  An angel (D)
  A stone giant (D)
  Nessos (D)
  A vampire knight (D)
  A white draconian (D)
  A merfolk javelineer (D)
  A green death (D)
  A hydra (D)
  Erica (D)
  An anaconda (shapeshifter) (D)
  A vampire mage (D)
  A sun demon (D)
  A hell knight (D)
  An iron troll (D)
  A sixfirhy (D)
  A wizard (D)
  A deep elf mage (D)
  A necromancer (D)
  A cane toad (D)
  A komodo dragon (D)
  A merfolk (D)
  A wind drake (D)
  4 blink frogs (D)
  2 dream sheep (D)
  A redback (D)
  A spriggan (D)
  2 water elementals (D)
  An air elemental (D)
  2 tarantellas (D)
  A vampire mosquito (D)
  Edmund (D)
  A water moccasin (D)
  A porcupine (D)
  An eye of draining (D)
  A sky beast (D)
  4 wolves (D)
  A small abomination (D)
  A big kobold (D)
  2 orc priests (D)
  Jessica (D)
  An ooze (D)
  3 leopard geckos (D)
  An orc (D)
  A bat skeleton (D)
  A giant cockroach (D)
  A goblin (D)
  2 quokkas (D)
  A frilled lizard (D)
  A rat (D)
65 creatures vanquished.

Vanquished Creatures (collateral kills)
  2 ancient liches (D)
  A profane servitor (D)
  3 bone dragons (D)
  2 liches (D)
  A deep elf master archer (D)
  Frances (D)
  Gastronok (D)
  3 sphinxes (D)
  2 shadow dragons (D)
  3 nagarajas (D)
  A frost giant (D)
  A fire giant (D)
  Donald (D)
  2 draconian knights (D)
  2 ghost moths (D)
  A balrug (D)
  2 orc warlords (D)
  A draconian annihilator (D)
  A war gargoyle (D)
  An apis (D)
  3 deep elf demonologists (D)
  A lorocyproca (D)
  A deep elf annihilator (D)
  A dire elephant (D)
  2 yellow draconians (D)
  3 eidola (D)
  An ettin (D)
  A mummy priest (D)
  A yaktaur captain (D)
  A deep elf high priest (D)
  A fire dragon (D)
  A blizzard demon (D)
  3 vault guards (D)
  A rakshasa (D)
  A spriggan air mage (D)
  A hell beast (D)
  A hydra (D)
  3 naga warriors (D)
  3 death knights (D)
  A catoblepas (D)
  A two-headed ogre (D)
  A merfolk aquamancer (D)
  A vampire mage (D)
  3 death yaks (D)
  2 spriggan berserkers (D)
  2 dancing weapons (D)
  A spriggan (D)
  A sun demon (D)
  2 deep elf knights (D)
  A shadow wraith (D)
  3 hell knights (D)
  An iron troll (D)
  2 sea snakes (D)
  2 wizards (D)
  A swamp dragon (D)
  2 lindwurms (D)
  10 orc knights (D)
  A wolf spider (D)
  2 deep elf magi (D)
  A cyclops (D)
  A salamander (D)
  3 naga magi (D)
  2 guardian serpents (D)
  An eye of devastation (D)
  2 orange demons (D)
  2 molten gargoyles (D)
  A smoke demon (D)
  A rime drake (D)
  A freezing wraith (D)
  2 wandering mushrooms (D)
  A jumping spider (D)
  2 merfolk (D)
  2 hornets (D)
  A polar bear (D)
  A wind drake (D)
  A blink frog (D)
  9 dream sheep (D)
  A vampire (D)
  A shadow (D)
  A tarantella (D)
  Eustachio (D)
  A fire bat (D)
  A water elemental (D)
  A steam dragon (D)
  3 vampire mosquitoes (D)
  2 nagas (D)
  A floating eye (D)
  A sky beast (D)
  An ice beast (D)
  7 wolves (D)
  2 crocodiles (D)
  2 earth elementals (D)
  2 scorpions (D)
  5 wights (D)
  An iguana (D)
  2 adders (D)
  2 river rats (D)
  A giant cockroach (D)
  2 goblins (D)
177 creatures vanquished.

Vanquished Creatures (others)
  5 profane servitors (D)
  6 bone dragons (D)
  7 ghouls (D)
  8 vampire knights (D)
  12 skeletal warriors (D)
  6 flayed ghosts (D)
  12 phantasmal warriors (D)
  7 flying skulls (D)
  5 wraiths (D)
  14 vampires (D)
  2 wights (D)
  A rat (D)
85 creatures vanquished.

Grand Total: 327 creatures vanquished

Notes
Turn   | Place    | Note
-------+----------+-------------------------------------------
     0 | D        | sahdkjhfkaj the Felid Monk began the quest for the Orb.
     0 | D        | Reached XP level 1. HP: 10/10 MP: 2/2
    23 | D        | Found a bloodstained altar of Trog.
    23 | D        | Found a shimmering blue altar of Sif Muna.
    23 | D        | Found a viscous altar of Jiyva.
    23 | D        | Found a hazy altar of Hepliaklqana.
    23 | D        | Found an opulent altar of Gozag.
    24 | D        | Found a glowing golden altar of the Shining One.
    24 | D        | Found a glowing silver altar of Zin.
    24 | D        | Found a basalt altar of Yredelemnul.
    24 | D        | Found a shimmering altar of Xom.
    24 | D        | Found an ornate altar of the Wu Jian Council.
    24 | D        | Found a sacrificial altar of Ru.
    24 | D        | Found a stormy altar of Qazlal.
    24 | D        | Found an iron altar of Okawaru.
    24 | D        | Found a sparkling altar of Nemelex Xobeh.
    24 | D        | Found a burning altar of Makhleb.
    24 | D        | Found a blossoming altar of Fedhas.
    24 | D        | Found a white marble altar of Elyvilon.
    24 | D        | Found a shadowy altar of Dithmenos.
    24 | D        | Found a snail-covered altar of Cheibriados.
    25 | D        | Found a radiant altar of Vehumet.
    25 | D        | Found a corrupted altar of Lugonu.
    25 | D        | Found a roughly hewn altar of Beogh.
    26 | D        | Found a hide-covered altar of Uskayaw.
    26 | D        | Found an ancient bone altar of Kikubaaqudgha.
    26 | D        | Found a broken altar of Ashenzari.
    94 | D        | Became a worshipper of Yredelemnul the Dark
    94 | D        | Reached * piety under Yredelemnul
    94 | D        | Reached ** piety under Yredelemnul
   140 | D        | Reached skill level 5 in Dodging
   146 | D        | Reached *** piety under Yredelemnul
   146 | D        | Reached XP level 2. HP: 14/14 MP: 3/3
   148 | D        | Received a gift from Yredelemnul (4 flying skulls)
   153 | D        | Reached skill level 6 in Dodging
   160 | D        | Reached **** piety under Yredelemnul
   160 | D        | Reached skill level 7 in Dodging
   161 | D        | Received a gift from Yredelemnul (3 flying skulls)
   393 | D        | Noticed an ice beast
   403 | D        | Reached XP level 3. HP: 2/18 MP: 4/4
   403 | D        | Killed an ice beast
   403 | D        | Reached skill level 8 in Dodging
   403 | D        | Reached skill level 5 in Fighting
   403 | D        | Reached skill level 5 in Unarmed Combat
   403 | D        | Reached skill level 9 in Dodging
   403 | D        | Reached XP level 4. HP: 3/23 MP: 5/5
   693 | D        | Received a gift from Yredelemnul (a wight)
   700 | D        | Noticed a sky beast
   703 | D        | Killed a sky beast
   703 | D        | Reached ***** piety under Yredelemnul
   703 | D        | Reached skill level 10 in Dodging
   703 | D        | Reached XP level 5. HP: 28/28 MP: 6/6
   710 | D        | Received a gift from Yredelemnul (a wraith)
   711 | D        | Noticed a redback
   713 | D        | Killed a redback
   713 | D        | Reached skill level 11 in Dodging
   713 | D        | Reached skill level 12 in Dodging
   713 | D        | Gained mutation: You are covered in thick fur. (AC +2)
                  | [Felid growth]
   713 | D        | Reached XP level 6. HP: 33/33 MP: 7/7
   715 | D        | Noticed Jessica
   719 | D        | Killed Jessica
   728 | D        | Received a gift from Yredelemnul (a wraith)
   912 | D        | Noticed a sky beast
   912 | D        | Noticed a dream sheep
   912 | D        | Noticed a dream sheep
   912 | D        | Noticed a dream sheep
   912 | D        | Noticed a dream sheep
   912 | D        | Noticed a dream sheep
   912 | D        | Noticed a smoke demon
   912 | D        | Noticed a dream sheep
   934 | D        | Killed a sky beast
   934 | D        | Reached skill level 5 in Invocations
   945 | D        | Killed a dream sheep
   945 | D        | Reached ****** piety under Yredelemnul
   945 | D        | Reached XP level 7. HP: 37/37 MP: 11/13
   946 | D        | Received a gift from Yredelemnul (a wight)
   957 | D        | Killed a smoke demon
   959 | D        | Killed a dream sheep
   960 | D        | Received a gift from Yredelemnul (a vampire)
   961 | D        | Killed a dream sheep
   961 | D        | Reached skill level 10 in Invocations
   966 | D        | Killed a dream sheep
   972 | D        | Killed a dream sheep
   972 | D        | Reached XP level 8. HP: 29/40 MP: 14/17
   972 | D        | Received a gift from Yredelemnul (a wraith)
   972 | D        | Received a gift from Yredelemnul (a wraith)
   976 | D        | Killed a dream sheep
  1392 | D        | Noticed a lindwurm
  1398 | D        | Killed from afar by a lindwurm
  1399 | D        | Reached XP level 7. HP: -33/37 MP: 17/17
  1399 | D        | Killed a fire bat
  1401 | D        | Killed a lindwurm
  1518 | D        | Noticed a tarantella
  1518 | D        | Noticed a tarantella
  1521 | D        | Killed a tarantella
  1521 | D        | Reached XP level 8. HP: 40/40 MP: 19/19
  1665 | D        | Noticed Eustachio
  1673 | D        | Killed Eustachio
  1674 | D        | Received a gift from Yredelemnul (a vampire)
  1674 | D        | Received a gift from Yredelemnul (a phantasmal warrior)
  1674 | D        | Received a gift from Yredelemnul (a vampire)
  1857 | D        | Noticed a sea snake
  1859 | D        | Noticed a dream sheep
  1859 | D        | Noticed a dream sheep
  1859 | D        | Noticed a dream sheep
  1859 | D        | Noticed a dream sheep
  1859 | D        | Noticed a dream sheep
  1860 | D        | Noticed a death knight
  1867 | D        | Killed a sea snake
  1867 | D        | Reached skill level 15 in Invocations
  1867 | D        | Killed a dream sheep
  1867 | D        | Reached XP level 9. HP: 41/45 MP: 14/21
  1867 | D        | Reached skill level 13 in Dodging
  1868 | D        | Received a gift from Yredelemnul (a wraith)
  1868 | D        | Received a gift from Yredelemnul (a skeletal warrior)
  1884 | D        | Killed a death knight
  1884 | D        | Reached skill level 10 in Fighting
  1884 | D        | Reached skill level 10 in Unarmed Combat
  1884 | D        | Reached skill level 14 in Dodging
  1889 | D        | Received a gift from Yredelemnul (a ghoul)
  1902 | D        | Received a gift from Yredelemnul (a vampire knight)
  2092 | D        | Noticed a freezing wraith
  2092 | D        | Noticed a shadow wraith
  2098 | D        | Killed a shadow wraith
  2098 | D        | Reached skill level 15 in Dodging
  2099 | D        | Received a gift from Yredelemnul (a vampire)
  2100 | D        | Killed a freezing wraith
  2101 | D        | Received a gift from Yredelemnul (a phantasmal warrior)
  2298 | D        | Noticed a deep elf mage
  2298 | D        | Noticed a jumping spider
  2306 | D        | Received a gift from Yredelemnul (a flayed ghost)
  2308 | D        | Killed a jumping spider
  2308 | D        | Reached XP level 10. HP: 23/51 MP: 16/22
  2309 | D        | Received a gift from Yredelemnul (a bone dragon)
  2311 | D        | Killed a deep elf mage
  2481 | D        | Killed a bone dragon
  2598 | D        | Noticed Edmund
  2598 | D        | Noticed a deep elf mage
  2598 | D        | Noticed a two-headed ogre
  2598 | D        | Noticed a cane toad
  2599 | D        | Noticed a lindwurm
  2600 | D        | Received a gift from Yredelemnul (a bone dragon)
  2601 | D        | Reached skill level 16 in Dodging
  2601 | D        | Received a gift from Yredelemnul (a phantasmal warrior)
  2602 | D        | Noticed a merfolk javelineer
  2602 | D        | Killed a cane toad
  2602 | D        | Killed Edmund
  2602 | D        | Reached skill level 17 in Dodging
  2602 | D        | Received a gift from Yredelemnul (a profane servitor)
  2602 | D        | Received a gift from Yredelemnul (a profane servitor)
  2602 | D        | Received a gift from Yredelemnul (a bone dragon)
  2604 | D        | Killed a two-headed ogre
  2606 | D        | Killed a deep elf mage
  2606 | D        | Killed a lindwurm
  2606 | D        | Reached skill level 18 in Dodging
  2607 | D        | Received a gift from Yredelemnul (a skeletal warrior)
  2608 | D        | Killed a merfolk javelineer
  2608 | D        | Reached XP level 11. HP: 57/57 MP: 5/23
  2610 | D        | Received a gift from Yredelemnul (a flayed ghost)
  2613 | D        | Received a gift from Yredelemnul (a skeletal warrior)
  2912 | D        | Noticed a merfolk aquamancer
  2930 | D        | Killed from afar by a merfolk aquamancer
  2931 | D        | Reached XP level 10. HP: -18/55 MP: 22/22
  2932 | D        | Killed a merfolk aquamancer
  2933 | D        | Received a gift from Yredelemnul (a flayed ghost)
  2943 | D        | Noticed a fire giant
  2946 | D        | Noticed Gastronok
  2948 | D        | Killed a fire giant
  2948 | D        | Reached skill level 19 in Dodging
  2951 | D        | Killed Gastronok
  3136 | D        | Noticed Donald
  3144 | D        | Paralysed by a hornet for 3 turns
  3152 | D        | Killed Donald
  3449 | D        | Noticed an eidolon
  3451 | D        | Noticed an orange demon
  3460 | D        | Killed an orange demon
  3465 | D        | Killed an eidolon
  3465 | D        | Reached XP level 11. HP: 27/60 MP: 23/23
  3723 | D        | Noticed a death yak
  3723 | D        | Noticed a death yak
  3723 | D        | Noticed a death yak
  3726 | D        | Received a gift from Yredelemnul (a vampire)
  3726 | D        | Received a gift from Yredelemnul (a skeletal warrior)
  3732 | D        | Killed a death yak
  3733 | D        | Killed a death yak
  3733 | D        | Reached skill level 20 in Dodging
  3734 | D        | Killed a death yak
  3735 | D        | Received a gift from Yredelemnul (a ghoul)
  3735 | D        | Received a gift from Yredelemnul (a phantasmal warrior)
  3843 | D        | Noticed a lorocyproca
  3844 | D        | Noticed a war gargoyle
  3849 | D        | Killed a war gargoyle
  3851 | D        | Killed a lorocyproca
  3857 | D        | Killed Frances
  3858 | D        | Received a gift from Yredelemnul (a phantasmal warrior)
  3863 | D        | Reached skill level 15 in Fighting
  3863 | D        | Reached skill level 15 in Unarmed Combat
  3908 | D        | Killed a wizard
  3909 | D        | Received a gift from Yredelemnul (a phantasmal warrior)
  3909 | D        | Killed a nagaraja
  3962 | D        | Killed an ancient lich
  3962 | D        | Reached skill level 21 in Dodging
  3963 | D        | Received a gift from Yredelemnul (a phantasmal warrior)
  4040 | D        | Killed a deep elf demonologist
  4094 | D        | Killed a wizard
  4095 | D        | Received a gift from Yredelemnul (a ghoul)
  4374 | D        | Killed a deep elf high priest
  4374 | D        | Gained mutation: Your thick and shaggy fur keeps you warm.
                  | (AC +3, rC+) [Felid growth]
  4374 | D        | Reached XP level 12. HP: 67/67 MP: 24/24
  4382 | D        | Killed a vampire mage
  4387 | D        | Killed a lich
  4446 | D        | Killed a ghost moth
  4618 | D        | Noticed a deep elf demonologist
  4619 | D        | Killed a deep elf demonologist
  4620 | D        | Received a gift from Yredelemnul (a vampire knight)
  4634 | D        | Noticed a red draconian knight
  4637 | D        | Noticed a black draconian annihilator
  4650 | D        | Killed a red draconian knight
  4650 | D        | Reached skill level 22 in Dodging
  4651 | D        | Received a gift from Yredelemnul (a flayed ghost)
  4651 | D        | Received a gift from Yredelemnul (a phantasmal warrior)
  4812 | D        | Noticed a white draconian knight
  4812 | D        | Noticed a deep elf annihilator
  4921 | D        | Noticed a sphinx
  4921 | D        | Noticed a lich
  4922 | D        | Noticed a vampire mage
  4929 | D        | Killed a black draconian annihilator
  4930 | D        | Received a gift from Yredelemnul (a profane servitor)
  4936 | D        | Killed a sphinx
  4936 | D        | Killed a lich
  4941 | D        | Killed a deep elf annihilator
  4942 | D        | Received a gift from Yredelemnul (a skeletal warrior)
  4942 | D        | Received a gift from Yredelemnul (a vampire)
  4945 | D        | Killed a vampire mage
  4945 | D        | Killed a white draconian knight
  4945 | D        | Reached skill level 23 in Dodging
  5078 | D        | Noticed a balrug
  5084 | D        | Killed a balrug
  5104 | D        | Got the ring of Ojimah {rC+ Slay+5}
  5112 | D        | Got the amulet "Forget-Me-Not" {RegenMP Dex+4}
  5115 | D        | Got the ring of Kuecloim {rPois rC+ Str+2 Dex-5 Slay+5}
  5118 | D        | Got the amulet "Vaen" {Reflect rC+ rN+ Str+3 SH+5}
  5125 | D        | Got the amulet "Saitoena" {Regen+ Str+2}
  5128 | D        | Got the amulet "Hiesug" {Spirit rC+++ Int+2 Dex-5}
  5131 | D        | Got the ring "Hafeom" {MP+9 Str+3 Dex+3 SInv Stlth-}
  5134 | D        | Got the amulet of Henotheism {Spirit *Contam rC+ Str+2
                  | SInv}
  5137 | D        | Got the ring "Tafuh" {*Drain MR+ EV+4 Int+2 Dex+7}
  5140 | D        | Got the amulet of the Tempest {rC+ Regen+}
  5143 | D        | Got the amulet "Jimimej" {Reflect Int+3 SH+5}
  5146 | D        | Got the ring "Wuocef" {rF+ Str+2 Slay+5}
  5148 | D        | Got the ring "Taiheoli" {Dex+5 Slay+5}
  5151 | D        | Got the amulet of Hiximoh {Faith +Blink Dex+4}
  5165 | D        | Got the ring of Incredulity {rF+ rC+ Str+4 Dex-3}
  5168 | D        | Got the ring "Demn" {*Contam rElec rC+++ AC+6}
  5172 | D        | Got the ring "Qaumeesk" {rF+ Str+3}
  5177 | D        | Got the ring of Checkmate {Fire Int+3}
  5180 | D        | Got the ring "Lustryky" {MR+ Dex+3 Stlth+}
  5183 | D        | Got the ring "Numarha" {rPois Int+6 Dex+2 SInv Stlth+}
  5186 | D        | Got the ring "Buatsa" {*Slow MR++ Str+6}
  5189 | D        | Got the ring "Plog" {rPois Dex+6 Slay+3}
  5192 | D        | Got the ring "Ribeacky" {+Blink EV+6 Str+2 Dex+4 Stlth+}
  5195 | D        | Got the ring "Esaipt" {rF+ MR+}
  5198 | D        | Got the ring of the Failed Coup {rN+ Str+4 SInv}
  5201 | D        | Got the ring of Guagucse {rElec rPois MR+ Int+3 Dex-5}
  5225 | D        | Got the Papyrus of the Mountains
  5244 | D        | Got the Handbook of Quantum Unholy Rites
  5254 | D        | Learned a level 2 spell: Blink
  5442 | D        | Noticed a frost giant
  5442 | D        | Noticed a shadow dragon
  5442 | D        | Noticed a shadow dragon
  5442 | D        | Noticed a vampire knight
  5446 | D        | Killed a shadow dragon
  5452 | D        | Killed a shadow dragon
  5452 | D        | Reached skill level 24 in Dodging
  5452 | D        | Reached skill level 5 in Translocations
  5453 | D        | Killed a vampire knight
  5460 | D        | Received a gift from Yredelemnul (a vampire knight)
  5464 | D        | Killed a frost giant
  5464 | D        | Reached XP level 13. HP: 34/72 MP: 25/25
  5465 | D        | Received a gift from Yredelemnul (a vampire)
  5465 | D        | Received a gift from Yredelemnul (a ghoul)
  5837 | D        | Noticed a white draconian
  5840 | D        | Noticed a ghost moth
  5840 | D        | Noticed Nessos
  5843 | D        | Killed Nessos
  5843 | D        | Received a gift from Yredelemnul (a phantasmal warrior)
  5847 | D        | Killed a white draconian
  5849 | D        | Killed a ghost moth
  5850 | D        | Received a gift from Yredelemnul (a vampire knight)
  5850 | D        | Received a gift from Yredelemnul (a skeletal warrior)
  5866 | D        | Received a gift from Yredelemnul (a skeletal warrior)
  5870 | D        | Identified the +9 hand axe of Blood {flame, Dex+3}
  5870 | D        | Noticed Erica
  5876 | D        | Killed Erica
  5884 | D        | Reached skill level 10 in Translocations
  5886 | D        | Received a gift from Yredelemnul (a skeletal warrior)
  5892 | D        | Received a gift from Yredelemnul (a vampire knight)
  5899 | D        | Received a gift from Yredelemnul (a skeletal warrior)
  5904 | D        | Received a gift from Yredelemnul (a phantasmal warrior)
  6045 | D        | Learned a level 5 spell: Silence
  6163 | D        | Noticed an orc warlord
  6163 | D        | Noticed an orc warlord
  6167 | D        | Reached skill level 1 in Hexes
  6169 | D        | Received a gift from Yredelemnul (a phantasmal warrior)
  6172 | D        | Reached skill level 1 in Air Magic
  6175 | D        | Killed an orc warlord
  6177 | D        | Killed an orc warlord
  6177 | D        | Reached skill level 5 in Hexes
  6178 | D        | Reached skill level 25 in Dodging
  6291 | D        | Received a gift from Yredelemnul (a vampire knight)
  6291 | D        | Received a gift from Yredelemnul (a vampire)
  6303 | D        | Received a gift from Yredelemnul (a vampire knight)
  6450 | D        | Noticed a bone dragon
  6457 | D        | Received a gift from Yredelemnul (a ghoul)
  6457 | D        | Received a gift from Yredelemnul (a skeletal warrior)
  6460 | D        | Killed a bone dragon
  6460 | D        | Reached skill level 10 in Hexes
  6461 | D        | Received a gift from Yredelemnul (a vampire)
  6721 | D        | Noticed an eidolon
  6722 | D        | Noticed a nagaraja
  6744 | D        | Received a gift from Yredelemnul (a skeletal warrior)
  6745 | D        | Killed an eidolon
  6749 | D        | Received a gift from Yredelemnul (a bone dragon)
  6752 | D        | Received a gift from Yredelemnul (a vampire)
  6752 | D        | Received a gift from Yredelemnul (a bone dragon)
  6752 | D        | Killed a nagaraja
  6752 | D        | Reached skill level 5 in Air Magic
  6880 | D        | Noticed a bone dragon
  6881 | D        | Noticed a profane servitor
  6882 | D        | Noticed a deep elf master archer
  6882 | D        | Noticed an apis
  6883 | D        | Noticed a sphinx
  6897 | D        | Received a gift from Yredelemnul (a skeletal warrior)
  6897 | D        | Killed a sphinx
  6897 | D        | Reached XP level 14. HP: 36/78 MP: 26/26
  6907 | D        | Received a gift from Yredelemnul (a profane servitor)
  6909 | D        | Received a gift from Yredelemnul (a vampire knight)
  6912 | D        | Killed a bone dragon
  6916 | D        | Killed an apis
  6924 | D        | Noticed a sphinx
  6927 | D        | Killed a deep elf master archer
  6927 | D        | Killed a sphinx
  6930 | D        | Reached skill level 26 in Dodging
  6934 | D        | Killed a profane servitor
  6946 | D        | Received a gift from Yredelemnul (a bone dragon)
  6958 | D        | Killed a nagaraja
  6959 | D        | Received a gift from Yredelemnul (a phantasmal warrior)
  7276 | D        | Received a gift from Yredelemnul (a flayed ghost)
  7276 | D        | Received a gift from Yredelemnul (a ghoul)
  7291 | D        | Received a gift from Yredelemnul (a profane servitor)
  7299 | D        | Received a gift from Yredelemnul (a phantasmal warrior)
  7307 | D        | Received a gift from Yredelemnul (a vampire)
  7318 | D        | Killed an ancient lich
  7319 | D        | Received a gift from Yredelemnul (a vampire)
  7328 | D        | Noticed a hellephant
  7344 | D        | Noticed an angel
  7349 | D        | Killed from afar by a hellephant
  7350 | D        | Reached XP level 13. HP: -54/76 MP: 12/25
  7664 | D        | Noticed a deep elf blademaster
  7706 | D        | Killed a deep elf blademaster
  7706 | D        | Received a gift from Yredelemnul (a bone dragon)
  7980 | D        | Noticed a curse toe
  7988 | D        | Mangled by a deathcap
  7989 | D        | Reached XP level 12. HP: -6/72 MP: 24/24
  8747 | D        | Noticed Nikola
  8757 | D        | Killed Nikola
  8757 | D        | Reached skill level 27 in Dodging
  8757 | D        | Reached skill level 10 in Air Magic
  8763 | D        | Learned a level 3 spell: Ozocubu's Armour
  8952 | D        | Identified the +10 shortbow of Giluk {freeze, rC+ MR+ Str-3
                  | Dex+3}
  8952 | D        | Identified the ring "Gixugeq" {Ice MR+ Int+2 Dex-3 Slay+2}
  8972 | D        | Killed an angel
  8972 | D        | Reached skill level 1 in Spellcasting
  8972 | D        | Reached skill level 1 in Ice Magic
  8972 | D        | Reached XP level 13. HP: 17/76 MP: 14/25
  8972 | D        | Received a gift from Yredelemnul (a vampire)
  8972 | D        | Received a gift from Yredelemnul (a vampire)
  9292 | D        | Noticed a stone giant
  9308 | D        | Killed a stone giant
  9543 | D        | Noticed an ettin
  9543 | D        | Noticed a stone giant
  9543 | D        | Noticed a stone giant
  9544 | D        | Identified the +11 dagger of the Boiling Point {pain, Int+5
                  | Dex+3}
  9544 | D        | Noticed a stone giant
  9544 | D        | Noticed a stone giant
  9544 | D        | Noticed an ettin
  9544 | D        | Noticed a titan
  9544 | D        | Noticed an ettin
  9548 | D        | Received a gift from Yredelemnul (a flayed ghost)
  9548 | D        | Received a gift from Yredelemnul (a ghoul)
  9549 | D        | HP: 3/76 [titan/the air (24)]
  9556 | D        | Killed an ettin
  9743 | D        | Killed a curse toe
  9743 | D        | Received a gift from Yredelemnul (a bone dragon)
  9959 | D        | Killed from afar by a hellephant

Illustrated notes

Levels and vault maps discovered:
D:        pitsprint [storerooms_1, entrance_room_1, metal_vault_2, armoury_2,
          mini_pit_1, grid_room_1, main_hall_1, silver_pit, the_coven_1,
          the_vestibule_1, steel_vault_2, golden_pit, hallway_of_sentries,
          crystal_vault_3, iron_vault_5, final_vault]

Skill      XL: |  1  2  3  4  5  6  7  8  9 10 11 12 13 14 |
---------------+-------------------------------------------+-----
Unarmed Combat | 4 5 7 8 9 10 14 15 20 18 19 | 20.7
Dodging        | 5 7 9 10 12 15 19 21 27 25 26 | 27.0
Fighting       | 4 5 7 8 9 10 14 16 20 18 19 | 20.7
Invocations    | 7 13 15 | 15.0
Translocations | 6 10 | 10.6
Hexes          | 12 | 12.0
Air Magic      | 10 5 9 | 10.0
Spellcasting   | 1 4 |  4.7
Ice Magic      | 1 4 |  4.7
Stealth        | |  2.6

Action                   |  1- 3 |  4- 6 |  7- 9 | 10-12 | 13-15 || total
-------------------------+-------+-------+-------+-------+-------++-------
Melee: Unarmed           |    20 |    17 |    38 |    60 |   112 ||   247
       Punch             |     1 |       |       |     6 |     8 ||    15
       Bite              |       |     1 |     5 |     4 |    17 ||    27
 Cast: Ozocubu's Armour  |       |       |       |     1 |     2 ||     3
       Blink             |       |       |       |       |     3 ||     3
Invok: Drain Life        |       |       |     2 |     3 |     2 ||     7
  Use: Potion            |       |       |     1 |     4 |     4 ||     9
 Stab: Sleeping          |     4 |     5 |     1 |     1 |       ||    11
       Distracted        |       |       |     1 |     5 |     1 ||     7
Armor: Skin              |       |       |       |     5 |     6 ||    11
Dodge: Dodged            |    18 |     7 |    41 |    73 |   126 ||   265
Block: Other             |       |       |       |     4 |    17 ||    21

Table legend: (Time is in decaauts)
 A = Elapsed time spent in this place.
 B = Non-inter-level travel time spent in this place.
 C = Inter-level travel time spent in this place.
 D = Time resting spent in this place.
 E = Time spent auto-exploring this place.
 F = Levels seen in this place.
 G = Mean time per level.
                   A        B        C        D        E       F      G
               +--------+--------+--------+--------+--------+-----+--------+
         Total |   9542 |   9422 |    120 |   7292 |    230 |   1 | 9542.0 |
       Dungeon |   9542 |   9422 |    120 |   7292 |    230 |   1 | 9542.0 |
               +--------+--------+--------+--------+--------+-----+--------+

Top non-repeatable levels by time:
       D: 9542 daAuts
